Map: Deathaura LE

Players

Plug - Winner!

  • Race: Protoss Protoss
  • League: Platinum
  • Spawn Location: 11:00

A.I. 1 (Easy)

  • Race: Protoss Protoss
  • Spawn Location: 5:00

VOD

Have the link to the VOD?

Description

3 immort

Time

  • Played on: July 15, 2020, 12:48 a.m.
  • Length: 6:49
Show
View Real Time Build Order
Export as new Build Order

Plug Protoss - Winner!

Build Orders:  

Get SALT Encoding   

  12  0:00  Probe  
  13  0:13  Probe  
  14  0:20  Pylon  
  14  0:25  Probe  
  15  0:38  Gateway, Probe  
  16  0:44  Assimilator  
  16  0:50  Probe  
  17  1:02  Probe  
  18  1:11  Assimilator  
  18  1:14  Probe  
  19  1:24  Gateway  
  19  1:26  Probe  
  19  1:27  Cybernetics Core  
  20  1:37  Pylon  
  20  1:40  Probe  
  21  1:48  Gateway  
  21  2:01  Probe  
  22  2:03  Warp Gate  
  22  2:05  Stalker  
  24  2:15  Robotics Facility  
  24  2:30  Stalker  
  24  2:35  Stalker  
  28  2:41  Pylon  
  28  2:50  Immortal  
  32  3:22  Immortal  
  36  3:42  Pylon  
  36  3:51  Immortal  
  36  3:52  Pylon  
  36  3:56  Pylon  
  40  4:06  Stalker  
  42  4:11  Stalker  
  44  4:18  Stalker  
  46  4:43  Stalker  
  46  4:44  Stalker  
  46  4:45  Stalker  
  52  5:13  Nexus  
Show
View Real Time Build Order
Export as new Build Order

A.I. 1 (Easy) Protoss 

Build Orders: 1 Gate Expand, Nexus First 

Get SALT Encoding   

  12  0:00  Probe  
  13  0:13  Probe  
  14  0:20  Pylon  
  14  0:25  Probe  
  15  0:34  Probe  
  16  0:50  Gateway  
  16  1:05  Nexus  
  16  1:22  Pylon  
  16  1:25  Assimilator  
  16  1:28  Zealot  
  16  1:37  Probe  
  19  1:40  Cybernetics Core  
  19  1:49  Probe  
  20  1:58  Assimilator  
  20  1:59  Probe  
  20  2:02  Zealot  
  23  2:15  Probe  
  23  2:17  Pylon  
  24  2:25  Stalker  
  24  2:28  Probe  
  24  2:29  Warp Gate  
  27  2:32  Probe  
  28  2:47  Assimilator  
  28  3:01  Assimilator  
  28  3:03  Probe  
  29  3:06  Probe  
  29  3:10  Robotics Facility  
  30  3:15  Probe  
  30  3:19  Probe  
  31  3:23  Probe  
  32  3:30  Probe  
  34  3:34  Probe  
  35  3:42  Probe  
  35  3:46  Probe  
  37  3:50  Stalker  
  37  3:54  Probe  
  40  3:58  Probe  
  41  4:06  Probe  
  42  4:10  Probe  
  42  4:11  Pylon  
  42  4:16  Probe  
  43  4:18  Probe  
  45  4:24  Probe  
  45  4:29  Probe  
  47  4:32  Probe, Stalker  
  50  4:41  Probe  
  51  4:47  Probe, Pylon  
  51  4:50  Observer  
  53  4:53  Probe  
  54  5:05  Probe  
  55  5:08  Probe, Pylon  
  55  5:11  Observer  
  57  5:16  Probe  
  57  5:17  Probe  
  57  5:19  Stalker  
  59  5:26  Probe  
  55  5:29  Probe  
  55  5:33  Pylon  
  55  5:34  Probe  
  51  5:38  Pylon  
  52  5:52  Pylon  
  49  6:07  Pylon  
  49  6:11  Probe  
  33  6:19  Probe  
  33  6:24  Pylon  
  33  6:27  Probe  
  33  6:30  Nexus  
  18  6:37  Pylon  
Tags
 
Add a new tag
Caveats
  • Supply blocks, unpowered buildings, or Contaminate may cause inaccurate times.
  • Supply counts are checked every 10 seconds.